 Dungeon Crawl Stone Soup version 0.15.1-1-gfacfea3 (webtiles) character file.

14518 bwiles81 the Covert (level 11, -4/54 HPs)
             Began as a Spriggan Enchanter on Sept 25, 2014.
             Was an Elder of Dithmenos.
             Slain by an orc warrior
             ... wielding a +0 mace
              (22 damage)
             ... on Level 3 of the Orcish Mines.
             The game lasted 01:36:25 (16387 turns).

bwiles81 the Covert (Spriggan Enchanter)           Turns: 16387, Time: 01:36:26

HP  -4/54        AC  3     Str 12      XL: 11   Next: 89%
MP  25/30        EV 26     Int 18      God: Dithmenos [****..]
Gold 988         SH  0     Dex 16      Spells:  5 memorised, 12 levels left

rFire  . . .     SeeInvis +     a - +2 dagger
rCold  . . .     Clarity  .     k - +0 robe {MR+}
rNeg   . . .     rCorr    .     (shield restricted)
rPois  .         rRot     .     (helmet restricted)
rElec  .         Spirit   .     g - +0 cloak
SustAb .         Warding  .     (gloves unavailable)
rMut   .         Stasis   .     (boots unavailable)
Gourm  .                        (no amulet)
MR     ++...                    A - +5 ring of strength
                                B - ring of wizardry

@: wreathed by umbra, very quick, very resistant to hostile enchantments,
incredibly stealthy
A: unfitting armour, see invisible, herbivore 3, speed 3, slow metabolism 2
a: Shadow Step, Renounce Religion


You were on level 3 of the Orcish Mines.
You worshipped Dithmenos.
Dithmenos was greatly pleased with you.
You were not hungry.

You visited 2 branches of the dungeon, and saw 15 of its levels.

You collected 1213 gold pieces.
You spent 225 gold pieces at shops.

Inventory:

Hand weapons
 a - a +2 dagger (weapon)
 m - a +1 dagger of holy wrath
Armour
 g - a +0 cloak (worn)
 k - a +0 robe of magic resistance (worn)
 K - a +2 robe of cold resistance
Magical devices
 j - a wand of draining (2)
 n - a wand of digging (11)
 o - a wand of teleportation (4)
 v - a wand of polymorph (15)
 E - a wand of lightning (0)
 G - a wand of confusion (10)
Comestibles
 d - 4 bread rations
 u - 21 fruits
 J - 10 royal jellies
Scrolls
 b - a scroll of blinking
 p - a scroll of enchant weapon
 q - 2 scrolls of magic mapping
 r - a scroll of amnesia
 C - 2 scrolls of enchant armour
 F - 2 scrolls of remove curse
 I - a scroll of fear
 L - 2 scrolls of teleportation
 M - a scroll of vulnerability
 N - a scroll of summoning {unknown}
 O - 2 scrolls of fog
 U - a scroll of acquirement {unknown}
Jewellery
 w - an uncursed amulet of stasis
 A - a +5 ring of strength (right hand)
 B - a ring of wizardry (left hand)
 R - a cursed amulet of rage {unknown}
Potions
 e - 2 potions of might
 f - 4 potions of curing
 h - a potion of flight
 i - 3 potions of resistance
 l - 2 potions of restore abilities
 s - 4 potions of haste
 t - a potion of beneficial mutation {unknown}
 x - a potion of brilliance {unknown}
 D - a potion of degeneration {unknown}
 Q - a potion of magic {unknown}
 T - a potion of cancellation {unknown}
Books
 c - a book of Maledictions

   Spells                             Type                      Level
   Corona                             Hexes                        1
   Sure Blade                         Hexes/Charms                 2
   *Ensorcelled Hibernation           Hexes/Ice                    2
   *Confuse                           Hexes                        3
   Dazzling Spray                     Conjuration/Hexes            3
   Enslavement                        Hexes                        4
 z - a book of Minor Magic

   Spells                             Type                      Level
   Magic Dart                         Conjuration                  1
   Blink                              Translocation                2
   Call Imp                           Summoning                    2
   Repel Missiles                     Charms/Air                   2
   *Slow                              Hexes                        2
   Conjure Flame                      Conjuration/Fire             3
   *Mephitic Cloud                    Conjuration/Poison/Air       3
 H - a book of Summonings

   Spells                             Type                      Level
   *Abjuration                        Summoning                    3
   Recall                             Summoning/Translocation      3
   Shadow Creatures                   Summoning                    5
   Summon Demon                       Summoning                    5
   Summon Forest                      Summoning/Translocation      5
   Monstrous Menagerie                Summoning                    6
 P - a book of Beasts

   Spells                             Type                      Level
   Summon Butterflies                 Summoning                    1
   Call Canine Familiar               Summoning                    3
   Summon Ice Beast                   Ice/Summoning                4
   Summon Mana Viper                  Hexes/Summoning              5
   Monstrous Menagerie                Summoning                    6
   Summon Hydra                       Summoning                    7
Rods
 y - a +2 lightning rod (5/15)
   (You found it on level 7 of the Dungeon)
 S - a +0 rod of inaccuracy (14/14)
   (You found it on level 11 of the Dungeon)


   Skills:
 + Level 4.6 Fighting
 + Level 8.7 Short Blades
 + Level 11.4 Dodging
 + Level 14.4 Stealth
 + Level 7.9 Spellcasting
 - Level 1.0 Conjurations
 - Level 3.6 Hexes
 + Level 6.1 Poison Magic
 + Level 10.4 Evocations


You had 12 spell levels left.
You knew the following spells:

 Your Spells              Type           Power        Failure   Level  Hunger
a - Confuse               Hex            ###.....     4%          3    #......
b - Ensorcelled Hibernat  Hex/Ice        ##....       4%          2    None
c - Mephitic Cloud        Conj/Pois/Air  ###.....     6%          3    #......
d - Slow                  Hex            ###.....     1%          2    None
e - Abjuration            Summ           #.........   14%         3    #......


Dungeon Overview and Level Annotations

Branches:
Dungeon (11/15)            Temple (0/1) D:7             Orc (4/4) D:11
   Lair (0/8) D:9
    Elf: Orc:3-4

Altars:
Ashenzari
Dithmenos
Elyvilon
Makhleb
Nemelex Xobeh
Qazlal
Xom
Yredelemnul
Beogh

Shops:
D:5 !   D:7 ?   D:11 %


Innate Abilities, Weirdness & Mutations

You are tiny and cannot use many weapons and most armour.
You have supernaturally acute eyesight.
You are a herbivore.
You cover ground extremely quickly.
You need consume almost no food.


Message History

The orc looks drowsy...
Casting: Ensorcelled Hibernation
Confirm with . or Enter, or press ? or * to list all spells.
Aiming: Ensorcelled Hibernation
Press: ? - help, Shift-Dir - straight line, f - orc, p - orc
Aim: an orc, wielding a glowing mace (umbra)
The orc looks drowsy...
The helpless orc fails to defend itself.
You spit the orc like a pig!!!!
You kill the orc!
Dithmenos accepts your kill.
Casting: Ensorcelled Hibernation
Confirm with . or Enter, or press ? or * to list all spells.
Aiming: Ensorcelled Hibernation
Press: ? - help, Shift-Dir - straight line, f - orc warrior
Aim: an orc warrior, wielding a mace and wearing a chain mail (almost dead, umbra)
The orc warrior resists.
Your shadow mimicks your spell!
The orc warrior resists.
The orc warrior hits you with a mace!!
You die...

#.......................
##.#....................
###................###. #####
##.........).........##
##.#.###......#..<>)..[.......
#.....###.....(.[[............
##.#.######...)....)..##......
###.#.#)##...)o.......#.#....
#.....)....@o....)..........
##..).[..[.....[[)[.....##.##
#.............#[.......##...#
##..###.#.#........#...####..#
#...# ##.........###...# #...
##.## #..........####.## ##.#
### ##..........# ### ###
##.###.#..## #...###.####


You could see an orc warrior and an orc (sleeping).

Vanquished Creatures
  Josephine (Orc:3)
  The ghost of shellcity4813 the Basher, an experienced OgHu of Trog (Orc:1)
  A hydra (D:10)
  The ghost of dongtrain the Basher, an experienced FoFi of Okawaru (D:8)
  2 unseen horrors
  An orc sorcerer (Orc:3)
  Maurice (D:9)
  2 gargoyles (D:11)
  3 trolls
  A hydra skeleton (D:9)
  4 yaks
  A wraith (D:11)
  A wyvern (D:9)
  Eustachio (D:6)
  Grum (Orc:3)
  2 hippogriffs
  3 wolves (Orc:2)
  Menkaure (D:6)
  A deep elf fighter (D:9)
  2 water moccasins
  4 sky beasts
  13 orc warriors
  3 phantoms
  A black bear (D:8)
  A yellow wasp (D:9)
  An ice beast (D:7)
  7 ogres
  The ghost of DrPain the Sneak, an average SpAs (D:3)
  2 centaurs
  3 big kobolds
  8 giant frogs
  An eye of draining (D:10)
  A troll skeleton (D:9)
  A hippogriff zombie (D:6)
  4 wights (D:10)
  A yak skeleton (D:6)
  3 crimson imps
  7 hounds
  8 jellies
  A goliath beetle (D:10)
  A giant frog skeleton (D:10)
  A quasit (D:11)
  A centaur skeleton (D:4)
  16 orc priests
  3 iguanas
  10 orc wizards
  5 worker ants
  A black bear skeleton (D:8)
  A hound skeleton (D:6)
  A mummy (D:8)
  A worker ant zombie (D:10)
  3 green rats (D:9)
  12 adders
  A gnoll (D:1)
  A giant mite (D:3)
  4 shadow imps
  3 worms
  An adder skeleton (D:7)
  4 giant geckos
  7 oozes
  112 orcs
  17 bats
  25 goblins
  19 hobgoblins
  14 jackals
  28 kobolds
  A quokka (D:5)
  4 giant cockroaches
  6 giant newts
  A goblin simulacrum (Orc:4)
  A kobold skeleton (D:5)
  4 orc skeletons
  6 orc zombies
  A quokka skeleton (D:4)
  30 rats
  A rat skeleton (D:4)
449 creatures vanquished.

Vanquished Creatures (others)
  An orc wizard (D:8)
  2 giant spores
3 creatures vanquished.

Grand Total: 452 creatures vanquished

Notes
Turn   | Place    | Note
--------------------------------------------------------------
     0 | D:1      | bwiles81, the Spriggan Enchanter, began the quest for the Orb.
     0 | D:1      | Reached XP level 1. HP: 9/9 MP: 4/4
   268 | D:1      | Reached XP level 2. HP: 7/13 MP: 7/7
   276 | D:1      | Learned a level 2 spell: Ensorcelled Hibernation
   459 | D:1      | Reached skill level 5 in Stealth
   790 | D:1      | Reached XP level 3. HP: 11/16 MP: 1/9
  1050 | D:2      | Reached skill level 6 in Stealth
  1071 | D:2      | Found a basalt altar of Yredelemnul.
  1251 | D:2      | Reached XP level 4. HP: 19/21 MP: 9/12
  2190 | D:3      | Found a shattered altar of Ashenzari.
  2218 | D:3      | Reached skill level 7 in Stealth
  2548 | D:3      | Noticed DrPain's ghost (average SpAs)
  2571 | D:3      | Reached XP level 5. HP: 24/24 MP: 12/14
  2633 | D:2      | Learned a level 3 spell: Confuse
  2886 | D:3      | Killed DrPain's ghost
  3247 | D:4      | Reached skill level 8 in Stealth
  3247 | D:4      | Reached XP level 6. HP: 28/28 MP: 14/17
  3406 | D:4      | Noticed a phantom
  3425 | D:4      | Killed a phantom
  3425 | D:4      | Reached skill level 5 in Short Blades
  3740 | D:4      | Reached skill level 9 in Stealth
  3829 | D:4      | Found a burning altar of Makhleb.
  3849 | D:4      | Noticed a water moccasin
  3852 | D:4      | Killed a water moccasin
  3852 | D:4      | Reached XP level 7. HP: 32/32 MP: 19/19
  4074 | D:5      | Entered Level 5 of the Dungeon
  4082 | D:5      | Found a shadowy altar of Dithmenos.
  4093 | D:5      | Became a worshipper of Dithmenos the Shadowed
  4652 | D:5      | Reached skill level 10 in Stealth
  4671 | D:5      | Found a stormy altar of Qazlal.
  4822 | D:5      | Found Foitez Lalan's Distillery.
  4828 | D:5      | Bought a potion of poison for 12 gold pieces
  4828 | D:5      | Bought a potion of confusion for 12 gold pieces
  4880 | D:5      | Reached skill level 1 in Evocations
  5438 | D:6      | Reached XP level 8. HP: 29/36 MP: 13/20
  5453 | D:6      | Noticed Eustachio
  5456 | D:6      | Killed Eustachio
  5516 | D:6      | Noticed Menkaure
  5519 | D:6      | Killed Menkaure
  5519 | D:6      | Reached skill level 5 in Dodging
  5519 | D:6      | Reached skill level 11 in Stealth
  6417 | D:6      | Reached skill level 5 in Evocations
  6421 | D:6      | Acquired Dithmenos' first power
  6548 | D:7      | Found Klyr's Magic Scroll Shoppe.
  6564 | D:7      | Bought a scroll of identify for 26 gold pieces
  6564 | D:7      | Bought a scroll of identify for 26 gold pieces
  6564 | D:7      | Bought a scroll of identify for 26 gold pieces
  6648 | D:7      | Reached XP level 9. HP: 26/39 MP: 11/22
  6753 | D:7      | Found a staircase to the Ecumenical Temple.
  6757 | D:7      | Reached skill level 12 in Stealth
  6863 | D:7      | Found a sparkling altar of Nemelex Xobeh.
  6906 | D:7      | Learned a level 3 spell: Mephitic Cloud
  7078 | D:7      | Reached skill level 1 in Poison Magic
  7153 | D:7      | Bought a scroll of recharging for 123 gold pieces
  7293 | D:7      | Found a shimmering altar of Xom.
  8131 | D:8      | Reached skill level 1 in Fighting
  8131 | D:8      | Reached skill level 1 in Conjurations
  8296 | D:8      | Found a white marble altar of Elyvilon.
  8541 | D:8      | Noticed dongtrain's ghost (experienced FoFi)
  8635 | D:8      | Killed dongtrain's ghost
  8635 | D:8      | Reached XP level 10. HP: 41/46 MP: 24/26
  8645 | D:8      | Learned a level 2 spell: Slow
  8910 | D:9      | Reached skill level 5 in Spellcasting
  9065 | D:9      | Found a staircase to the Lair.
  9080 | D:9      | Reached skill level 13 in Stealth
  9414 | D:9      | Noticed Maurice
  9422 | D:9      | Killed Maurice
  9784 | D:9      | Noticed Erolcha
  9785 | D:9      | Noticed Erolcha
  9785 | D:9      | Erolcha changed into Erolcha the yak
  9789 | D:9      | Killed Erolcha the yak
  9901 | D:9      | Acquired Dithmenos' second power
 10152 | D:10     | Entered Level 10 of the Dungeon
 10352 | D:10     | Noticed an unseen horror
 10369 | D:10     | Killed an unseen horror
 10456 | D:10     | Reached skill level 10 in Dodging
 11062 | D:10     | Reached XP level 11. HP: 52/52 MP: 29/29
 11481 | D:11     | Found Twashuj's Food Shop.
 11481 | D:11     | Noticed a six-headed hydra
 11533 | D:10     | Killed a six-headed hydra
 11758 | D:11     | Reached skill level 5 in Poison Magic
 11782 | D:11     | Learned a level 3 spell: Abjuration
 11792 | D:11     | Noticed an unseen horror
 11809 | D:11     | Killed an unseen horror
 11809 | D:11     | Reached skill level 14 in Stealth
 11948 | D:11     | Found a staircase to the Orcish Mines.
 12358 | D:11     | Identified a +0 rod of inaccuracy (14/14) (You found it on level 11 of the Dungeon)
 12821 | Orc:1    | Entered Level 1 of the Orcish Mines
 13091 | Orc:1    | Noticed shellcity4813's ghost (experienced OgHu)
 13474 | Orc:1    | Acquired Dithmenos' third power
 13564 | Orc:1    | Killed shellcity4813's ghost
 13564 | Orc:1    | Reached skill level 10 in Evocations
 13821 | Orc:1    | Found a burning altar of Makhleb.
 14720 | Orc:2    | HP: 2/54 [wolf[Grum] (9)]
 14908 | Orc:3    | Noticed Grum
 14912 | Orc:3    | Killed Grum
 15063 | Orc:3    | Found a roughly hewn altar of Beogh.
 15326 | Orc:4    | Entered Level 4 of the Orcish Mines
 15328 | Orc:4    | Noticed Josephine
 15814 | Orc:3    | Killed Josephine
 16208 | Orc:3    | Noticed a sun demon
 16387 | Orc:3    | Slain by an orc warrior

Action                   |  1- 3 |  4- 6 |  7- 9 | 10-12 || total
-------------------------+-------+-------+-------+-------++-------
Melee: Dagger            |   144 |   213 |   278 |   684 ||  1319
       Rod               |       |       |       |     2 ||     2
 Cast: Ensorcelled Hiber |     6 |    27 |    71 |    77 ||   181
       Confuse           |       |     8 |    19 |    10 ||    37
       Mephitic Cloud    |       |       |     2 |    12 ||    14
       Slow              |       |       |       |     1 ||     1
Invok: Shadow Step       |       |       |     2 |    11 ||    13
Evoke: Wand              |       |       |     3 |    11 ||    14
       Rod               |       |       |    11 |    53 ||    64
  Use: Scroll            |     5 |     3 |    12 |     4 ||    24
       Potion            |     2 |     1 |     1 |     2 ||     6
 Stab: Sleeping          |    12 |    32 |    72 |    85 ||   201
       Distracted        |       |     1 |     3 |     7 ||    11
       Confused          |       |     3 |    11 |    15 ||    29
  Eat: Bread ration      |       |       |     2 |     1 ||     3
